 Dungeon Crawl Stone Soup version 0.25-a0-583-g696c2ac (webtiles) character file.

Game seed: 9842282664222306122, levelgen mode: deterministic

106 BlueFish the Skirmisher (level 4, -2/41 HPs)
             Began as a Minotaur Fighter on Mar 8, 2020.
             Slain by Ijyb
             ... wielding a +1 falchion of electrocution
              (19 damage)
             ... on level 3 of the Dungeon.
             The game lasted 00:03:02 (2176 turns).

BlueFish the Skirmisher (Minotaur Fighter)          Turns: 2176, Time: 00:03:02

Health: -2/41      AC:  9    Str: 21    XL:     4   Next: 55%
Magic:  12/12      EV:  7    Int:  5    God:
Gold:   157        SH:  0    Dex: 10    Spells: 3/3 levels left

rFire    . . .     SeeInvis .   a - +0 long sword
rCold    . . .     Gourm    .   (no shield)
rNeg     . . .     Faith    .   b - +0 scale mail
rPois    .         Spirit   .   (helmet restricted)
rElec    .         Reflect  .   e - +0 cloak
rCorr    .         Harm     .   p - +0 pair of gloves
MR       .....                  (no boots)
Stlth    ..........             (no amulet)
HPRegen  0.13/turn              n - ring of magical power
MPRegen  0.13/turn              s - -3 ring of evasion (curse)

@: confused
A: retaliatory headbutt, horns 2
a: no special abilities


You were on level 3 of the Dungeon.
You were not hungry.

You visited 1 branch of the dungeon, and saw 3 of its levels.

You collected 157 gold pieces.

Inventory:

Hand Weapons
 a - a +0 long sword (weapon)
 k - a +0 dagger of freezing
Armour
 b - a +0 scale mail (worn)
 c - a +0 kite shield
 e - a +0 cloak (worn)
 g - a cursed +0 leather armour
 p - a +0 pair of gloves (worn)
Jewellery
 n - a ring of magical power (left hand)
 s - a cursed -3 ring of evasion (right hand)
Scrolls
 j - a scroll of fear
 r - a scroll of random uselessness {unknown}
Potions
 d - a potion of might
 h - a potion of lignification
 l - 2 potions of magic
 m - a potion of invisibility
 o - a potion of curing {unknown}
 q - a potion of brilliance {unknown}
Comestibles
 f - 3 rations
 i - 2 chunks of flesh


   Skills:
 * Level 4.5 Fighting
 * Level 4.0 Long Blades
 * Level 4.5 Armour
 + Level 1.0 Dodging
 + Level 3.8 Shields


You had 3 spell levels left.
You didn't know any spells.
Your spell library contained the following spells:

 Spells                   Type           Power        Failure   Level  Hunger
 Animate Skeleton         Necr           N/A          80%         1    ##.....
 Apportation              Tloc           #.....       80%         1    ##.....
 Corona                   Hex            #......      80%         1    ##.....
 Summon Small Mammal      Summ           #...         80%         1    ##.....


Dungeon Overview and Level Annotations

Branches:
Dungeon (3/15)

Altars:
Qazlal
Trog
Wu Jian

Annotations:
D:3 Ijyb


Innate Abilities, Weirdness & Mutations

You reflexively headbutt those who attack you in melee.
You have a pair of horns on your head.


Message History

Ijyb hits you but does no damage.
You are electrocuted!
Ijyb zaps a wand.
Your will is overpowered!
You are more confused.
Ijyb zaps a wand.
You resist with some effort. Ijyb hits you but does no damage.
You closely miss Ijyb. Your headbutt misses Ijyb.
Ijyb screams, "Get away!"
Ijyb closely misses you.
Ijyb zaps a wand.
Your will is overpowered!
You are more confused.
Ijyb zaps a wand.
Your will is overpowered!
You are more confused.
Ijyb screams, "Get away!"
You barely miss Ijyb. Your headbutt misses Ijyb.
Ijyb hits you but does no damage.
You are electrocuted!
Ijyb zaps a wand.
You resist with some effort.
You bump into the rock wall.
Ijyb hits you with a +1 falchion of electrocution.
You are electrocuted!!
You die...

.#...###.. .#.......#
...........
.........########### #
#####..............##.####
...................'......
##
#####..............##.###
#.. ..........g...##.# ...
..#####.<.@.....# #.#
##.#.#....# #.# #.....##.#
#.# ###.####.######.####
##.................
#....##.######.###.
#....##.####.#.# #.
#....##.#......# #.
#.......##.#######.


You could see Ijyb.

Vanquished Creatures
  Robin (D:3)
  3 adders
  An ooze (D:2)
  4 worms
  A dart slug (D:1)
  2 leopard geckos
  2 giant cockroaches (D:3)
  13 goblins
  7 hobgoblins
  3 bats
  2 frilled lizards (D:1)
  4 kobolds
  8 rats
51 creatures vanquished.

Notes
Turn   | Place    | Note
-------+----------+-------------------------------------------
     0 | D:1      | BlueFish the Minotaur Fighter began the quest for the Orb.
     0 | D:1      | Reached XP level 1. HP: 19/19 MP: 0/0
   414 | D:1      | Reached XP level 2. HP: 20/27 MP: 1/1
   801 | D:2      | Found a faded altar of an unknown god.
   887 | D:2      | Reached XP level 3. HP: 33/33 MP: 2/2
  1368 | D:2      | Found an ornate altar of the Wu Jian Council.
  1370 | D:2      | Found a stormy altar of Qazlal.
  1729 | D:3      | Reached XP level 4. HP: 41/41 MP: 3/3
  1733 | D:3      | Noticed Robin
  1745 | D:3      | Killed Robin
  1745 | D:3      | Reached skill level 1 in Dodging
  2122 | D:3      | Found a bloodstained altar of Trog.
  2158 | D:3      | Noticed Ijyb
  2176 | D:3      | Slain by Ijyb

Levels and vault maps discovered:
D:1:      co_arrival_square_in_a_square_in_a_square, layout_basic
D:2:      layout_loops_corners, grunt_qazlal_clouds, overflow_temple_1_default,
          chequers_ecumenical_altar_island, first_ration
D:3:      layout_basic, bloody_trog, uniq_robin, uniq_natasha, uniq_ijyb

Skill      XL: |  1  2  3  4 |
---------------+-------------+-----
Fighting       | 4 |  4.5
Armour         | 4 |  4.5
Long Blades    | 3 4 |  4.0
Dodging        | 1 |  1.0
Shields        | |  3.8

Action                   |  1- 3 |  4- 6 || total
-------------------------+-------+-------++-------
Melee: Long sword        |    68 |    36 ||   104
       Headbutt          |    11 |     7 ||    18
  Use: Scroll            |     5 |     1 ||     6
  Eat: Chunk             |     3 |     1 ||     4
Armor: Scale mail        |    41 |    37 ||    78
Dodge: Dodged            |    35 |    41 ||    76
       Rpst.: Long sword |     8 |    14 ||    22

Table legend:
 A = Non-vault XP
 B = Vault XP
 C = Vault XP percentage of total XP
 D = Non-vault monster count
 E = Vault monster count
 F = Vault count percentage of total count
                 A         B        C        D         E       F
            +---------+---------+-------+---------+---------+-------
      Total |     114 |      38 |  25.0 |      38 |      13 |  25.5
            +---------+---------+-------+---------+---------+-------
        D:1 |      21 |       0 |   0.0 |      14 |       0 |   0.0
        D:2 |      49 |       0 |   0.0 |      11 |       0 |   0.0
        D:3 |      44 |      38 |  46.3 |      13 |      13 |  50.0
            +---------+---------+-------+---------+---------+-------
